Map: Jagannatha LE

Players

Tyrion - Winner!

  • Race: Protoss Protoss
  • League: Diamond

Techno

  • Race: Terran Terran
  • League: Diamond

VOD

Have the link to the VOD?

Description

Time

  • Played on: July 22, 2021, 6:43 a.m.
  • Length: 18:45
Show
View Real Time Build Order
Export as new Build Order

Tyrion Protoss - Winner!

Build Orders: 1 Gate Expand 

Get SALT Encoding   

  12  0:10  Pylon  
  12  0:13  Probe  
  13  0:28  Gateway  
  13  0:31  Probe (Chrono Boost)  
  15  0:43  Probe (Chrono Boost)  
  15  0:47  Assimilator  
  15  0:48  Probe (Chrono Boost)  
  16  0:58  Probe  
  17  1:12  Probe  
  17  1:16  Cybernetics Core  
  18  1:24  Probe  
  19  1:41  Nexus  
  19  1:46  Assimilator  
  19  1:52  Adept (Chrono Boost)  
  21  2:02  Pylon  
  21  2:11  Probe  
  22  2:23  Probe  
  22  2:27  Adept (Chrono Boost)  
  25  2:35  Probe  
  25  2:47  Probe  
  25  2:54  Probe  
  26  2:59  Probe  
  26  3:06  Probe  
  26  3:12  Probe  
  28  3:18  Probe  
  29  3:24  Probe  
  30  3:30  Probe  
  31  3:36  Probe  
  32  3:42  Probe, Twilight Council  
  32  3:48  Probe  
  34  3:50  Robotics Facility  
  34  3:54  Warp Gate (Chrono Boost), Probe  
  35  4:00  Probe  
  36  4:07  Gateway, Probe  
  37  4:10  Gateway  
  37  4:12  Probe  
  38  4:19  Probe  
  38  4:20  Dark Shrine  
  39  4:24  Probe  
  39  4:31  Probe, Pylon  
  41  4:35  Warp Prism (Chrono Boost)  
  41  4:36  Gateway  
  41  4:40  Probe  
  41  4:45  Assimilator  
  37  5:39  Dark Templar x4  
  45  5:45  Probe  
  45  5:46  Probe  
  43  5:59  Probe  
  43  6:01  Probe  
  41  6:08  Charge (Chrono Boost)  
  42  6:11  Probe, Nexus  
  42  6:13  Probe  
  43  6:23  Probe  
  43  6:24  Stalker x2  
  43  6:25  Probe  
  49  6:29  Gateway  
  49  6:35  Probe  
  49  6:37  Probe  
  51  6:44  Dark Templar  
  53  6:47  Probe  
  54  6:56  Pylon  
  54  7:08  Assimilator  
  54  7:14  Probe x2  
  54  7:26  Probe x2  
  54  7:28  Zealot  
  54  7:29  Zealot x4  
  66  7:31  Immortal (Chrono Boost)  
  70  7:38  Probe  
  71  7:51  Zealot x4  
  77  8:02  Pylon  
  77  8:16  Robotics Bay  
  77  8:17  Pylon  
  77  8:20  Immortal  
  77  8:21  Probe (Chrono Boost)  
  77  8:22  Stalker  
  77  8:27  Pylon  
  85  8:34  Probe (Chrono Boost)  
  85  8:35  Pylon  
  85  8:37  Probe (Chrono Boost)  
  85  8:38  Robotics Facility x2  
  85  8:40  Probe (Chrono Boost)  
  88  8:42  Probe x2 (Chrono Boost)  
  89  8:49  Forge  
  89  8:50  Probe (Chrono Boost)  
  89  8:51  Forge  
  89  8:54  Pylon x2  
  89  8:55  Templar Archives  
  90  8:57  Probe x2 (Chrono Boost)  
  90  9:02  Colossus (Chrono Boost), Blink, Probe (Chrono Boost)  
  93  9:06  Probe (Chrono Boost)  
  93  9:07  Extended Thermal Lance  
  93  9:08  Probe (Chrono Boost)  
  101  9:11  Assimilator  
  101  9:13  Assimilator  
  101  9:16  Pylon  
  101  9:23  Protoss Ground Armor Level 1 (Chrono Boost), Protoss Ground Weapons Level 1 (Chrono Boost)  
  101  9:40  High Templar x2  
  101  9:43  Zealot x2  
  101  9:44  Zealot  
  111  9:46  Archon  
  111  9:52  Warp Prism  
  111  9:57  Gateway x2  
  113  10:01  Gateway  
  113  10:04  Pylon  
  113  10:08  Zealot  
  113  10:09  Zealot x2  
  102  10:28  High Templar x2  
  102  10:29  Probe (Chrono Boost), High Templar x2  
  113  10:35  Probe (Chrono Boost)  
  113  10:37  Probe (Chrono Boost)  
  113  10:41  Probe (Chrono Boost)  
  114  10:45  Probe (Chrono Boost)  
  114  10:49  Probe x2 (Chrono Boost)  
  117  10:51  Probe (Chrono Boost)  
  117  10:53  Stalker  
  117  10:54  Stalker x2  
  117  10:56  Probe x2  
  118  10:58  Probe  
  111  11:06  Archon x2  
  101  11:14  Probe x2 (Chrono Boost)  
  104  11:19  Probe (Chrono Boost)  
  104  11:24  Probe x2 (Chrono Boost)  
  106  11:27  Probe (Chrono Boost)  
  106  11:29  Probe x2 (Chrono Boost)  
  106  11:31  Psionic Storm  
  109  11:38  Probe  
  110  11:40  Probe x2  
  110  11:43  Colossus (Chrono Boost)  
  110  11:46  Colossus (Chrono Boost)  
  124  11:55  Gateway  
  124  11:59  Protoss Ground Weapons Level 2 (Chrono Boost)  
  124  12:01  Pylon  
  124  12:04  Gateway  
  124  12:17  Protoss Ground Armor Level 2 (Chrono Boost), Nexus  
  124  12:22  Zealot  
  124  12:23  Zealot x4  
  124  12:24  Probe  
  124  12:26  Probe  
  124  12:29  Probe  
  111  12:56  Colossus x2 (Chrono Boost)  
  103  13:03  Gateway  
  115  13:07  Gateway  
  115  13:08  High Templar x4  
  115  13:09  High Templar  
  125  13:18  Assimilator  
  125  13:19  Assimilator  
  125  13:21  Probe  
  125  13:22  Probe, Pylon  
  125  13:25  Pylon  
  127  13:27  Photon Cannon  
  127  13:30  Photon Cannon  
  127  13:31  Pylon  
  127  13:35  Gateway  
  127  13:41  Gateway, Stalker  
  127  13:42  Gateway, Stalker  
  127  13:47  Observer x2  
  133  13:52  Zealot x4  
  141  13:59  Photon Cannon, Shield Battery  
  141  14:06  Stargate  
  141  14:16  Stalker x4  
  141  14:17  Stalker  
  145  14:32  Probe  
  145  14:33  Probe  
  145  14:40  Archon  
  145  14:41  Archon  
  123  14:46  Colossus x2, Warp Prism  
  123  14:51  Observer  
  121  14:57  Fleet Beacon  
  109  15:03  High Templar x2  
  109  15:04  High Templar x3  
  119  15:07  Gateway  
  119  15:09  Pylon  
  119  15:18  Stalker x3  
  119  15:19  Stalker x2  
  129  15:27  Archon x2  
  135  15:29  Colossus (Chrono Boost)  
  135  15:32  Dark Templar x3  
  135  15:45  Colossus (Chrono Boost)  
  139  15:52  Nexus  
  139  15:54  Pylon  
  139  15:56  Protoss Ground Weapons Level 3 (Chrono Boost)  
  139  15:57  Protoss Shields Level 1 (Chrono Boost)  
  139  16:14  Stargate  
  139  16:20  Stargate  
  139  16:23  Pylon  
  139  16:24  Stalker  
  139  16:25  Stalker x3, Pylon  
  147  16:33  High Templar  
  149  16:43  Photon Cannon  
  149  16:46  Photon Cannon  
  149  16:50  Pylon  
  149  17:04  Carrier x2 (Chrono Boost)  
  161  17:13  Carrier (Chrono Boost)  
  167  17:17  Zealot  
  167  17:18  Zealot x7  
  167  17:19  Zealot x3  
  167  17:20  Probe  
  184  17:29  Stalker x3  
  173  17:30  Probe  
  140  17:49  High Templar x3  
  140  17:51  Zealot x7  
  152  17:52  Zealot x2  
  152  17:54  Observer  
  164  18:02  Assimilator  
  164  18:06  Assimilator  
  164  18:07  Dark Templar x2  
  164  18:08  Probe  
  164  18:09  Pylon  
  169  18:23  Probe  
  170  18:31  Archon x2  
  158  18:36  High Templar  
  158  18:37  High Templar x3  
  158  18:38  Zealot x3  
  158  18:39  Zealot x6  
  158  18:40  Zealot  
Show
View Real Time Build Order
Export as new Build Order

Techno Terran 

Build Orders: Reaper Expand 

Get SALT Encoding   

  12  0:00  SCV  
  13  0:12  SCV  
  14  0:17  Supply Depot  
  14  0:24  SCV  
  15  0:39  SCV  
  15  0:41  Barracks  
  16  0:45  Refinery  
  16  0:51  SCV  
  17  1:03  SCV  
  18  1:16  SCV  
  19  1:28  Reaper  
  19  1:29  Orbital Command  
  20  1:50  Command Center  
  20  1:58  SCV  
  21  2:12  Marine  
  21  2:14  Bunker  
  22  2:17  SCV  
  22  2:18  Factory  
  23  2:29  SCV  
  23  2:30  Refinery  
  23  2:57  Barracks  
  23  2:59  Barracks, SCV  
  23  3:14  Supply Depot  
  23  3:18  Marine  
  23  3:19  Hellion  
  26  3:35  SCV  
  26  3:36  Marine  
  28  3:42  Hellion  
  28  3:46  Barracks Tech Lab  
  28  3:47  Barracks Reactor  
  30  3:50  Starport, SCV  
  31  3:56  Marine  
  31  3:58  Orbital Command  
  31  4:02  SCV  
  33  4:09  Stimpack  
  33  4:14  SCV  
  34  4:17  Marine  
  34  4:19  Factory Tech Lab  
  35  4:26  SCV, Marine x3  
  35  4:30  SCV  
  40  4:31  Supply Depot  
  40  4:33  Medivac  
  42  4:39  Siege Tank  
  45  4:46  Marine  
  45  4:52  Marine x3  
  49  5:04  Marine  
  50  5:17  Marine x3  
  53  5:26  SCV x2  
  54  5:33  Supply Depot  
  54  5:35  Engineering Bay, Supply Depot, Marine  
  54  5:48  Marine  
  54  5:54  Marine  
  54  5:55  SCV, Marine  
  53  6:12  Factory Tech Lab  
  53  6:14  Raven  
  53  6:15  Combat Shield  
  55  6:21  SCV x2  
  55  6:24  Refinery  
  55  6:25  Refinery  
  57  6:26  Missile Turret  
  57  6:27  Command Center  
  57  6:31  Missile Turret  
  57  6:33  SCV  
  57  6:35  Missile Turret  
  58  6:40  SCV  
  58  6:44  Supply Depot  
  58  6:45  SCV  
  60  6:52  SCV  
  60  6:53  Siege Tank  
  64  6:59  Supply Depot  
  64  7:02  SCV  
  64  7:07  Terran Infantry Weapons Level 1  
  65  7:13  SCV  
  65  7:14  SCV  
  67  7:25  SCV  
  67  7:26  SCV  
  69  7:38  SCV x2  
  67  7:50  SCV x2  
  61  8:02  SCV  
  61  8:04  Marine, Marauder  
  64  8:05  Infernal Pre-Igniter  
  64  8:06  Marauder  
  64  8:07  Orbital Command, Medivac x2  
  70  8:13  Bunker  
  70  8:23  SCV x2  
  70  8:25  Barracks Tech Lab  
  72  8:30  Ghost Academy  
  72  8:35  SCV x2  
  72  8:36  Marauder x2  
  72  8:37  Siege Tank  
  72  8:38  SCV  
  82  8:44  Supply Depot  
  82  8:46  Supply Depot  
  82  8:47  SCV x2, Marauder  
  86  8:49  Barracks  
  86  8:50  SCV  
  87  8:57  Marine x2  
  87  8:59  SCV x2  
  87  9:02  SCV  
  92  9:19  Ghost x2  
  92  9:20  Supply Depot  
  92  9:21  Supply Depot  
  92  9:22  SCV x2  
  92  9:23  Orbital Command  
  92  9:24  Supply Depot  
  98  9:33  Marine  
  98  9:34  SCV x2  
  98  9:37  Bunker  
  101  9:46  SCV  
  101  9:47  Marine x2  
  101  9:51  Marine  
  105  9:55  SCV  
  105  9:56  SCV  
  105  9:58  SCV  
  108  10:00  Armory  
  108  10:05  Engineering Bay, Ghost x2  
  112  10:08  SCV  
  111  10:25  Viking x2  
  112  10:30  Refinery  
  112  10:31  Starport, Refinery  
  112  10:33  Bunker  
  112  10:34  Supply Depot  
  112  10:35  Supply Depot, SCV  
  111  10:36  Supply Depot x2, SCV x2  
  114  10:48  SCV x3  
  103  11:00  SCV x2  
  92  11:11  Viking x3  
  93  11:17  SCV x2  
  97  11:21  Terran Infantry Weapons Level 2  
  97  11:26  Marine x3  
  97  11:27  Marine  
  97  11:29  SCV  
  102  11:36  SCV  
  103  11:41  SCV, Viking  
  103  11:44  Marine  
  103  11:45  Marauder x3  
  113  11:47  Barracks  
  113  11:48  Orbital Command, SCV  
  113  11:49  Barracks  
  113  11:50  Barracks, Terran Infantry Armor Level 1  
  114  11:56  SCV  
  114  11:59  Refinery  
  114  12:00  SCV  
  116  12:06  Marauder x3  
  122  12:08  SCV  
  122  12:13  Barracks Tech Lab  
  123  12:15  Viking  
  123  12:16  Viking  
  123  12:21  SCV x3  
  130  12:27  Marauder  
  130  12:28  Marauder x2  
  136  12:33  SCV x2  
  119  12:49  Marine x3, Marauder x3  
  119  12:50  Marauder  
  128  12:53  Bunker  
  126  13:09  Enhanced Shockwaves, Terran Ship Weapons Level 1, Command Center  
  130  13:12  Marauder  
  130  13:13  Barracks Tech Lab x3, Marauder x3  
  130  13:16  Starport Reactor, Medivac  
  130  13:17  Medivac  
  130  13:18  SCV x2  
  140  13:25  Refinery  
  140  13:26  SCV  
  141  13:30  SCV x2  
  143  13:38  SCV  
  144  13:42  Command Center  
  144  13:56  Marauder x2  
  148  14:06  Marauder x2  
  148  14:07  Marauder  
  148  14:08  Marauder  
  148  14:09  Marauder  
  148  14:16  Viking x2  
  148  14:21  Marauder x2, Viking x2  
  148  14:22  Supply Depot x2  
  148  14:23  Supply Depot  
  155  14:28  Marine  
  155  14:29  Marine  
  155  14:30  Marine  
  158  14:33  Marauder x2  
  162  14:43  Marauder x2  
  152  14:50  Marauder x3  
  148  14:54  Marine x2  
  150  15:02  Viking x2  
  150  15:03  Viking  
  156  15:16  Planetary Fortress  
  156  15:19  Missile Turret  
  156  15:24  Refinery  
  156  15:26  Refinery  
  154  15:37  Refinery  
  154  15:38  Concussive Shells  
  144  15:44  Refinery  
  144  15:48  Ghost x3, Marauder  
  144  15:49  Ghost  
  144  15:50  Marauder  
  144  15:52  Viking  
  150  15:59  Terran Infantry Weapons Level 3  
  150  16:00  Terran Infantry Armor Level 2  
  150  16:02  Terran Ship Weapons Level 2  
  148  16:06  Planetary Fortress  
  148  16:11  Missile Turret  
  148  16:14  Missile Turret, SCV x4  
  152  16:25  Viking x3  
  154  16:26  Viking  
  160  16:33  Ghost  
  160  16:34  Ghost  
  160  16:35  Marauder  
  166  16:45  SCV x3  
  166  16:46  SCV  
  166  16:47  Supply Depot x2  
  170  16:55  Marauder x2  
  174  17:09  Supply Depot  
  174  17:12  Personal Cloaking, Supply Depot  
  174  17:17  Marine x3, Marauder x4  
  119  17:44  Marauder x3  
  119  17:45  Marauder x2  
  119  17:46  Marauder x2  
  119  17:49  SCV x4  
  137  17:56  Medivac x4  
  145  18:01  SCV  
  145  18:05  Missile Turret  
Tags
 
Add a new tag
Caveats
  • Supply blocks, unpowered buildings, or Contaminate may cause inaccurate times.
  • Supply counts are checked every 10 seconds.